 Dungeon Crawl Stone Soup version 0.28-b1-1-g3c77fb2ed1 (webtiles) character file.

Game seed: 2973281592339158188

152 crazypyro the Chopper (level 5, 0/45 HPs)
             Began as a Minotaur Fighter on Jan 29, 2022.
             Was a Believer of Fedhas.
             Slain by a gnoll (8 damage)
             ... on level 4 of the Dungeon.
             The game lasted 00:04:06 (3078 turns).

crazypyro the Chopper (Minotaur Fighter)            Turns: 3078, Time: 00:04:07

Health: 0/45       AC:  6    Str: 23    XL:     5   Next: 11%
Magic:  4/4        EV:  9    Int:  5    God:    Fedhas [**....]
Gold:   188        SH:  4    Dex:  9    Spells: 4/4 levels left

rFire   . . .      SeeInvis .   a - +0 war axe
rCold   . . .      Faith    .   c - +0 buckler
rNeg    . . .      Spirit   .   b - +0 scale mail
rPois   .          Reflect  .   (helmet restricted)
rElec   .          Harm     .   (no cloak)
rCorr   .          Rampage  .   (no gloves)
Will    .....                   (no boots)
Stlth   ..........              (no amulet)
HPRegen 0.15/turn               (no ring)
MPRegen 0.09/turn               (no ring)

@: no status effects
A: horns 2, retaliatory headbutt
a: Renounce Religion, Wall of Briars


You were on level 4 of the Dungeon.
You worshipped Fedhas.
Fedhas was pleased with you.
You visited 1 branch of the dungeon, and saw 4 of its levels.

You collected 188 gold pieces.

Inventory:

Hand Weapons
 a - a +0 war axe (weapon)
Armour
 b - a +0 scale mail (worn)
 c - a +0 buckler (worn)
Wands
 k - a wand of polymorph (11)
Scrolls
 f - a scroll of brand weapon {unknown}
 g - a scroll of vulnerability {unknown}
 h - a scroll of teleportation
 m - a scroll of blinking
 o - a scroll of magic mapping {unknown}
Potions
 d - a potion of might
 e - a potion of brilliance
 i - a potion of degeneration
 l - a potion of resistance {unknown}
 n - 2 potions of heal wounds


   Skills:
 - Level 3.6 Fighting
 + Level 6.5 Axes
 - Level 3.6 Armour
 - Level 3.6 Shields


You had 4 spell levels left.
You didn't know any spells.
Your spell library contained the following spells:

 Spells                   Type           Power      Damage    Failure   Level
 Gell's Gravitas          Tloc           0%         N/A       99%         3
 Teleport Other           Tloc           0%         N/A       99%         3
 Dispersal                Tloc           0%         N/A       100%        6


Dungeon Overview and Level Annotations

Branches:
Dungeon (4/15)
 Temple: D:4-7

Altars:
Dithmenos
Fedhas


Innate Abilities, Weirdness & Mutations

You have a pair of horns on your head.
You reflexively headbutt those who attack you in melee.


Message History

You hit the gnoll. Your headbutt misses the gnoll.
The gnoll is severely wounded.
The gnoll barely misses you. You furiously retaliate!
You headbutt the gnoll!
You kill the gnoll!
Fedhas appreciates your contribution to the ecosystem.
The gnoll throws a throwing net.
The throwing net hits you.
You become entangled in the net!
You have reached level 5!
You struggle against the net.
The gnoll hits you from afar with a +0 spear.
You tear a large gash into the net.
The gnoll hits you from afar with a +0 spear!
You rip the net and break free!
The gnoll throws a throwing net.
The throwing net hits you.
You become entangled in the net!
You struggle against the net.
The gnoll hits you from afar with a +0 spear.
You struggle against the net.
The gnoll hits you from afar with a +0 spear!
You struggle against the net.
The gnoll hits you from afar with a +0 spear.
You shred the net and break free!
The gnoll hits you from afar with a +0 spear.
* * * LOW HITPOINT WARNING * * *
The gnoll hits you with a +0 spear.
* * * LOW HITPOINT WARNING * * *
You see here a +0 club.
You closely miss the gnoll. The gnoll hits you with a +0 spear.
* * * LOW HITPOINT WARNING * * *
You hit the gnoll but do no damage. The gnoll barely misses you.
You hit the gnoll. You headbutt the gnoll.
The gnoll is heavily wounded.
You block the gnoll's attack. The gnoll barely misses you.
You furiously retaliate!
You headbutt the gnoll!
You kill the gnoll!
Fedhas appreciates your contribution to the ecosystem.
You completely miss the gnoll. You headbutt the gnoll!
The gnoll is severely wounded.
The gnoll hits you with a +0 whip!
You die...
Fedhas appreciates your contribution to the ecosystem.

#..# #..#####
.>.....#
...###.# #.##
#.# #.# #.#
#### #.# #.#
.g# #.# #.# #g#
#.# #.# #@# #.#
#.# #.# #.# #.#
#.# #.# #.#
###.###
..####.#
#.....# #
##.....#
#.###.#####...#
#.##### #.#
#......).# #(#
#.###.#####..#
#.# #.....#


You could see 2 gnolls.

Vanquished Creatures
  A hound (D:4)
  3 adders
  2 gnolls (D:4)
  3 worms
  A dart slug (D:1)
  6 orcs (D:3)
  6 bats
  4 endoplasms
  2 giant cockroaches
  4 goblins
  5 hobgoblins
  4 jackals
  A quokka (D:2)
  7 ball pythons
  2 frilled lizards
  3 kobolds
  6 rats
60 creatures vanquished.

Notes
Turn   | Place    | Note
-------+----------+-------------------------------------------
     0 | D:1      | crazypyro the Minotaur Fighter began the quest for the Orb.
     0 | D:1      | Reached XP level 1. HP: 19/19 MP: 0/0
   105 | D:1      | Found a faded altar of an unknown god.
   123 | D:1      | Prayed at the altar of an unknown god.
   123 | D:1      | Became a worshipper of Fedhas Madash
   123 | D:1      | Reached * piety under Fedhas
   156 | D:1      | Reached skill level 3 in Axes
   184 | D:1      | Reached XP level 2. HP: 22/26 MP: 1/1
   784 | D:2      | Reached skill level 4 in Axes
   974 | D:2      | Reached XP level 3. HP: 31/31 MP: 2/2
  1543 | D:2      | Reached ** piety under Fedhas
  1797 | D:2      | Reached skill level 5 in Axes
  1924 | D:3      | Reached XP level 4. HP: 24/39 MP: 3/3
  2332 | D:3      | Found a shadowy altar of Dithmenos.
  3008 | D:4      | Reached skill level 6 in Axes
  3067 | D:4      | Reached XP level 5. HP: 38/45 MP: 4/4
  3078 | D:4      | Slain by a gnoll

Illustrated notes

Levels and vault maps discovered:
D:1:      minmay_arrival_widening_spiral_wide, layout_basic,
          shapermc_ecumenical_altar_venn,
          nicolae_concentric_dashed_squares_wild, serial_bayou_pond_d
D:2:      layout_loops_ring, minmay_misc_feat_x, glass_columns_a
D:3:      layout_loops_ring, nicolae_dithmenos_through_a_glass_darkly,
          grunt_decor_fettered
D:4:      layout_loops_ring, nicolae_wu_jian_wuxing_cycle

Skill      XL: |  1  2  3  4 |
---------------+-------------+-----
Axes           | 3 4 5 6 |  6.5
Fighting       | |  3.6
Armour         | |  3.6
Shields        | |  3.6

Action                   |  1- 3 |  4- 6 || total
-------------------------+-------+-------++-------
Melee: War axe           |    97 |    35 ||   132
       Headbutt          |    13 |     7 ||    20
  Use: Scroll            |     4 |     1 ||     5
       Potion            |     2 |       ||     2
Armor: Scale mail        |    42 |     5 ||    47
       Skin              |     7 |       ||     7
Dodge: Dodged            |    42 |    14 ||    56
Block: Buckler           |    26 |     7 ||    33
